[Event "Late-Titled-Tuesday-Blitz-September-05-2023"]
[Site "Chess.com"]
[Date "2023.09.05"]
[Round "2"]
[White "vugarrasulov"]
[Black "Russian_berezka"]
[Result "1-0"]
[WhiteElo "2966"]
[BlackElo "2576"]
[TimeControl "180+1"]
[EndTime "14:18:42 PDT"]
[Termination "vugarrasulov won by checkmate"]

1. e4 c5 2. Nf3 Nf6 3. Nc3 d5 4. exd5 Nxd5 5. Bb5+ Bd7 6. Bc4 Nb6 7. Be2 Nc6 8. d4 cxd4 9. Nxd4 Nxd4 10. Qxd4 Bc6 11. Qg4 g6 12. Be3 Bg7 13. Rd1 Qc8 14. Qg3 h5 15.
O-O O-O 16. Bd4 Qe6 17. Bxg7 Kxg7 18. Bxh5 Rad8 19. Bf3 Bxf3 20. Qxf3 Nc4 21. Qxb7 Rb8 22. Qxa7 Rxb2 23. Qd4+ f6 24. Rfe1 Qf7 25. Nd5 e6 26.
Qxc4 exd5 27. Rxd5 Re8 28. Red1 Re7 29. g3 Rc7 30. Qxc7 Qxc7 31. Rd7+ Qxd7 32. Rxd7+ Kh6 33. Rd1 Rxa2 34. Rc1 Ra5 35. c4 Rc5 36. Kf1 Kg5 37. Ke2 Kf5 38. Kd3 Ke5 39. f4+ Kd6 40. Ra1 Rc6 41.
Kd4 Kc7 42. Ra7+ Kb6 43. Rg7 f5 44. Kd5 Rc5+ 45. Ke6 Rc6+ 46. Kf7 Kc7 47. Rxg6 Rxc4 48. Kf6 Rc2 49. h4 Kc6 50. Kxf5+ Kd7 51. Kg5 Ke7 52. g4 Rc5+ 53. f5 Kf7 54. h5 Rc1 55. h6 Rh1 56. Rg7+ Kf8 57. Kg6 Rb1 58. f6 Rh1 59. g5 Ke8 60. h7 Rh2 61. Rg8+ Kd7 62. h8=Q Rxh8 63. Rxh8 Ke6 64. f7 Ke5 65. f8=Q Ke4 66. Qf5+ Kd4 67.
Rh4+ Kc3 68. Qf3+ Kd2 69. Rh2+ Ke1 70. Qh1# 1-0

[Event "Late-Titled-Tuesday-Blitz-September-05-2023"]
[Site "Chess.com"]
[Date "2023.09.05"]
[Round "2"]
[White "Parhamov"]
[Black "Attacker_2006"]
[Result "1-0"]
[WhiteElo "2954"]
[BlackElo "2573"]
[TimeControl "180+1"]
[EndTime "14:18:42 PDT"]
[Termination "Parhamov won by checkmate"]

1. d4 Nf6 2. c4 e6 3. Nf3 d5 4. g3 dxc4 5. Bg2 c5 6. O-O Nc6 7. dxc5 Qxd1 8. Rxd1 Bxc5 9. Nbd2 c3 10. bxc3 O-O 11.
Bb2 Bd7 12. c4 Rfd8 13. Ne1 Rac8 14. Nd3 Bd4 15. Bxd4 Nxd4 16. e3 Nc6 17. c5 e5 18.
Nc4 e4 19. Nf4 Bg4 20. Rd6 Ne7 21. h3 Bf3 22. Bxf3 exf3 23. Rb1 Re8 24. Rxb7 Rxc5 25. Nd2 Rc1+ 26. Kh2 Rc2 27. g4 g5 28. Rxf6 Rxd2 29.
Nh5 Ng6 30. Rfxf7 Rxf2+ 31. Kg1 Rg2+ 32. Kf1 Re6 33. Nf6+ Rxf6 34. Rxf6 Rd2 35. Rxf3 Rd1+ 36. Ke2 Rd8 37. Rxa7 Ne5 38. Rf5 Ng6 39. Rxg5 Rc8 40.
h4 Kh8 41. h5 Nf8 42. Rgg7 Rc2+ 43. Kf3 Rc8 44. h6 Re8 45. a4 Ne6 46. Rxh7+ Kg8 47. Rhg7+ Kh8 48. Rge7 Rf8+ 49. Kg3 Ng5 50. Kh4 Nf3+ 51.
Kh5 Rg8 52. Rh7# 1-0

[Event "Late-Titled-Tuesday-Blitz-September-05-2023"]
[Site "Chess.com"]
[Date "2023.09.05"]
[Round "2"]
[White "PabloZarnicki"]
[Black "Mops_2004"]
[Result "1/2-1/2"]
[WhiteElo "2539"]
[BlackElo "2828"]
[TimeControl "180+1"]
[EndTime "14:18:42 PDT"]
[Termination "Game drawn by repetition"]

1. e4 g6 2. d4 Bg7 3. Nc3 d6 4.
f4 Nf6 5. Bd3 Nc6 6. Nf3 Bg4 7.
Be3 e5 8. fxe5 dxe5 9. d5 Nd4 10. O-O O-O 11. Qe1 Nxf3+ 12. gxf3 Bh3 13. Rf2 Nh5 14. Rd1 Nf4 15. Kh1 Bf6 16. Ne2 Nh5 17. Ng1 Bd7 18.
Qd2 Bh4 19. Rg2 Kh8 20. f4 exf4 21. Bxf4 Nxf4 22. Qxf4 Bf6 23. e5 Bg7 24. Nf3 Qe7 25. c4 Rae8 26. Re2 Qc5 27. b3 a5 28. Rde1 a4 29. Qd4 Qxd4 30. Nxd4 axb3 31. axb3 Re7 32. Nf3 Bg4 33. Kg2 Rfe8 34. e6 fxe6 35. h3 Bxf3+ 36. Kxf3 e5 37. c5 Rd8 38. Be4 Rf7+ 39. Kg2 Bf8 40.
b4 b6 41. Rc1 bxc5 42. bxc5 Rb8 43. d6 cxd6 44. c6 Rc7 45. Rf2 Kg7 46. Bd5 Rb5 47. Be6 d5 48. Bd7 e4 49. Rcf1 Bc5 50. Rf7+ Kh6 51.
R1f4 Rb2+ 52. Kf1 e3 53. Rh4+ Kg5 54. Rg4+ Kh6 55. Rh4+ Kg5 56. Rg4+ Kh6 57. Rh4+ 1/2-1/2

[Event "Late-Titled-Tuesday-Blitz-September-05-2023"]
[Site "Chess.com"]
[Date "2023.09.05"]
[Round "2"]
[White "grzechu96"]
[Black "sterpfi"]
[Result "1-0"]
[WhiteElo "2635"]
[BlackElo "2154"]
[TimeControl "180+1"]
[EndTime "14:18:44 PDT"]
[Termination "grzechu96 won by resignation"]

1. e4 c6 2. d4 d5 3. Nc3 dxe4 4. Nxe4 Nf6 5. Nxf6+ exf6 6. c3 Bd6 7. Bd3 O-O 8.
Ne2 Re8 9. O-O Nd7 10. Ng3 g6 11. Bd2 f5 12. Qf3 Nf6 13. Bg5 Bf8 14. Rfe1 Rxe1+ 15. Rxe1 Bg7 16. Bc4 Qd6 17. Bf4 Qf8 18. a4 Bd7 19.
a5 a6 20. Qd1 Re8 21. Be5 Ng4 22. Bxg7 Kxg7 23. h3 Nf6 24. Nf1 Rxe1 25. Qxe1 Qd6 26. Nd2 Be6 27. Bxe6 fxe6 28. Nb3 Nd7 29. Qe2 Qd5 30. c4 Qd6 31. Qe1 Kf7 32. Qc3 Nf6 33. Nc5 Qc7 34. Qe3 Ne4 35. Nxe4 fxe4 36. Qxe4 Qxa5 37.
Qf4+ Ke7 38. c5 Kd7 39. Qd6+ Kc8 40. Qxe6+ Kc7 41. Qe5+ Kc8 42. Kh2 Qd2 43. Qh8+ Kd7 44. Qxh7+ Ke6 45. Qxg6+ Kd5 46. Qf7+ Ke4 47. Qe6+ Kd3 48.
Qe5 Qxb2 49. Qf5+ Kc4 50. Qe6+ Kb5 51. d5 cxd5 52. Qxd5 a5 53. Qxb7+ Kxc5 54. Qxb2 a4 55. Qa1 1-0

[Event "Late-Titled-Tuesday-Blitz-September-05-2023"]
[Site "Chess.com"]
[Date "2023.09.05"]
[Round "2"]
[White "The_Straightforward_Rook"]
[Black "Garmendiarov"]
[Result "0-1"]
[WhiteElo "2501"]
[BlackElo "2338"]
[TimeControl "180+1"]
[EndTime "14:18:44 PDT"]
[Termination "Garmendiarov won by resignation"]

1. d4 Nf6 2. c4 g6 3. h4 h5 4.
Nc3 d5 5. Bg5 Bg7 6. Nf3 c6 7.
e3 O-O 8. cxd5 cxd5 9. Bd3 Nc6 10. O-O Bg4 11. Qb3 Na5 12. Qa4 Bd7 13. Qc2 Rc8 14. Ne5 Nc4 15. Rfc1 Nxe5 16. dxe5 Ng4 17. Qe2 Nxe5 18. Nxd5 f6 19. Bf4 Nxd3 20. Qxd3 Bc6 21. Nb4 Qxd3 22. Nxd3 e5 23. Bg3 b6 24. Nb4 Bb7 25.
a4 a5 26. Na2 Rfd8 27. f4 Rxc1+ 28. Rxc1 Rd2 29. Bf2 Rxb2 30. Nc3 exf4 31. exf4 f5 32. Nb5 Be4 33. Rc7 Bf8 34. Bxb6 Rxg2+ 35. Kf1 Rh2 36.
Nd4 Bd3+ 37. Kg1 Rxh4 38. Ne6 Rg4+ 39. Kf2 Bb4 40. Rg7+ Kh8 41. Bd4 Bc4 42. Rf7+ Kg8 43. Rg7+ Kh8 44. Rxg6+ Kh7 45. Rxg4 hxg4 46. Ng5+ Kh6 47.
Kg3 Kh5 48. Be5 Be1+ 49. Kg2 Bd5+ 50. Kf1 Bd2 51. Nh7 Bb3 52. Nf6+ Kg6 53. Nd7 Bxa4 54.
Nc5 Bc2 55. Bc7 Bb4 56. Ne6 a4 57. Nd4 Bb3 58. Nxb3 axb3 59. Be5 Ba3 60. Kf2 b2 61.
Kg3 b1=Q 0-1

[Event "Late-Titled-Tuesday-Blitz-September-05-2023"]
[Site "Chess.com"]
[Date "2023.09.05"]
[Round "2"]
[White "Mesa_1"]
[Black "HansOnTwitch"]
[Result "0-1"]
[WhiteElo "2592"]
[BlackElo "3014"]
[TimeControl "180+1"]
[EndTime "14:18:45 PDT"]
[Termination "HansOnTwitch won on time"]

1. e4 c5 2. Nf3 Nc6 3. Bb5 g6 4. O-O Bg7 5. Re1 e5 6. Bxc6 dxc6 7. d3 Qc7 8. a4 a5 9. Be3 b6 10. Qc1 h6 11. Nbd2 Be6 12. b3 Nf6 13. Nc4 Nd7 14.
h3 Bxc4 15. bxc4 Nf8 16. Rb1 Ne6 17. Qb2 Rb8 18. Bd2 O-O 19. Bc3 f6 20. Bd2 Rfd8 21.
Be3 Bf8 22. Rec1 h5 23. Rd1 Bg7 24. c3 f5 25. exf5 gxf5 26. Ng5 Qe7 27. Nxe6 Qxe6 28. Qe2 Qg6 29. f4 Re8 30. Qf2 e4 31. d4 Qf7 32.
Qe2 Red8 33. dxc5 bxc5 34. Rxb8 Rxb8 35. Bxc5 Bxc3 36. Bd4 Bxd4+ 37. Rxd4 Qg6 38. Qd2 Re8 39. Rd8 Qe6 40. Rxe8+ Qxe8 41. Kf2 Qb8 42. g3 Qb6+ 43. Ke2 Qc5 44. Qc3 Kf7 45. Kd1 Ke6 46. Kc2 Qf2+ 47.
Kb3 Qf3 48. Kc2 Qxc3+ 49. Kxc3 Kf6 50. Kd4 h4 51. gxh4 Kg6 52. Ke3 Kh5 53. Kf2 Kxh4 0-1

[Event "Late-Titled-Tuesday-Blitz-September-05-2023"]
[Site "Chess.com"]
[Date "2023.09.05"]
[Round "2"]
[White "tptagain"]
[Black "Alexei_Gubajdullin"]
[Result "1/2-1/2"]
[WhiteElo "2982"]
[BlackElo "2588"]
[TimeControl "180+1"]
[EndTime "14:18:45 PDT"]
[Termination "Game drawn by repetition"]

1. Nf3 Nf6 2. b3 g6 3. Bb2 Bg7 4. g3 O-O 5. Bg2 d6 6. d4 a5 7. O-O a4 8. c4 axb3 9. axb3 Rxa1 10. Bxa1 c6 11. Nc3 Na6 12. e4 Bg4 13. h3 Bxf3 14. Bxf3 Nd7 15. Na4 c5 16. e5 cxd4 17. exd6 exd6 18. Bxd4 Ndc5 19. Nxc5 Nxc5 20. Bxg7 Kxg7 21.
b4 Ne6 22. Qd2 b6 23. h4 Qf6 24. Bd5 Nd4 25. Kg2 Re8 26. Rd1 Nf5 27. Bf3 h5 28. Bd5 Re5 29. Bc6 Kh7 30. Bf3 Qe6 31. Qf4 Kg7 32.
Ra1 Re1 33. Rxe1 Qxe1 34. Be4 Qxb4 35. Bxf5 gxf5 36. Qg5+ Kf8 37. Qd8+ Kg7 38. Qg5+ Kf8 39. Qxh5 Qxc4 40. Qh6+ Ke7 41. Qg5+ Ke6 42. h5 Qe4+ 43. Kg1 Qe1+ 44. Kg2 Qe4+ 45. Kh2 Qf3 46. Kg1 Qd1+ 47.
Kg2 Qd5+ 48. Kg1 Qd1+ 49. Kg2 Qd5+ 50. f3 Qa2+ 51. Kh3 Qa1 52. Qe3+ Kf6 53. Qh6+ Ke7 54. Qg5+ Ke6 55. Qe3+ Kf6 56. Qh6+ Ke7 57. Qg5+ Ke6 1/2-1/2

[Event "Late-Titled-Tuesday-Blitz-September-05-2023"]
[Site "Chess.com"]
[Date "2023.09.05"]
[Round "2"]
[White "GaiozNigalidze"]
[Black "2k28Lakers"]
[Result "1-0"]
[WhiteElo "2763"]
[BlackElo "2514"]
[TimeControl "180+1"]
[EndTime "14:18:45 PDT"]
[Termination "GaiozNigalidze won by checkmate"]

1. c4 c6 2. Nf3 d5 3. b3 Bg4 4.
e3 e6 5. Bb2 Nf6 6. Be2 Nbd7 7.
O-O Bd6 8. h3 Bh5 9. cxd5 exd5 10.
d3 O-O 11. Nbd2 Re8 12. Qc2 a5 13. a3 Bg6 14. Rfe1 h6 15. Rad1 Rc8 16. Qc3 Qc7 17.
Rc1 Ne5 18. Nd4 Bh7 19. N2f3 Qd7 20. Nxe5 Bxe5 21. Qxa5 Ra8 22. Qd2 Bd6 23. b4 Rec8 24. Bf3 Bb8 25. Rc2 Qd6 26. g3 Re8 27. Bg2 Nd7 28. Nf3 Ba7 29. Qc3 Nf6 30. Rec1 Bb6 31. Qd2 Rac8 32. Bd4 Bc7 33. Qc3 Bd8 34. b5 Be7 35. a4 c5 36. Bxc5 Rxc5 37. Qxc5 Qxc5 38. Rxc5 Bxc5 39. Rxc5 Bxd3 40. a5 Ra8 41. b6 Bc4 42.
Ne5 Ba2 43. g4 Kf8 44. f4 Ke7 45. Rc7+ Kd6 46. Rxf7 Ne4 47. Bxe4 dxe4 48. Rxb7 Rxa5 49.
Rd7+ Ke6 50. b7 Rb5 51. Rxg7 Bd5 52. Kf2 Rb2+ 53. Kg3 Bxb7 54. Rg6+ Ke7 55. Rxh6 Rb3 56. Rh7+ Kf8 57. f5 Kg8 58. Re7 Bd5 59. Kf4 Rb1 60. f6 Kf8 61. Rd7 Be6 62. Rd8# 1-0

[Event "Late-Titled-Tuesday-Blitz-September-05-2023"]
[Site "Chess.com"]
[Date "2023.09.05"]
[Round "2"]
[White "pooh2012"]
[Black "KaydenTroffChess"]
[Result "0-1"]
[WhiteElo "2523"]
[BlackElo "2785"]
[TimeControl "180+1"]
[EndTime "14:18:46 PDT"]
[Termination "KaydenTroffChess won by resignation"]

1. d4 Nf6 2. a3 g6 3. Nf3 Bg7 4. e3 O-O 5. Be2 d5 6. O-O c5 7.
b4 cxd4 8. exd4 Ne4 9. Bb2 Nd7 10. Nbd2 Nd6 11. c4 dxc4 12. Nxc4 Nb6 13. Nce5 Bf5 14. Bd3 Rc8 15. Qe2 Na4 16. Rac1 Bxd3 17. Nxd3 Nxb2 18. Qxb2 Rxc1 19. Rxc1 Nf5 20. Nde5 Nxd4 21. Qxd4 Qxd4 22. Nxd4 Bxe5 23. Nf3 Bd6 24. Kf1 Rd8 25. Rc2 Rd7 26.
Ke2 Rc7 27. Rxc7 Bxc7 28. Nd2 f6 29. Kd3 Kf7 30. h3 Ke6 31. Nb3 Bd6 32. Nd4+ Kd7 33.
Nb5 a6 34. Nc3 Be5 35. Ne4 Kc6 36. a4 Kd5 37. Nc5 Kc6 38. Nb3 b6 39. f3 Bd6 40.
Kc4 b5+ 41. axb5+ axb5+ 42. Kc3 e5 43. Nd2 Kd5 44. Nb3 f5 45. Nc1 e4 46. Ne2 Be5+ 47. Kb3 g5 48. Kc2 Kc4 49. fxe4 fxe4 50. Nc1 Kxb4 51.
Nb3 Kc4 52. Nd2+ Kd5 53. Nb3 b4 54. Kd2 Bc3+ 55. Ke3 Be5 56. Ke2 Bf4 57. Na5 Kd4 58.
Nb3+ Kc3 59. Nc5 b3 60. Nxe4+ Kc2 61. Nc5 b2 0-1

[Event "Late-Titled-Tuesday-Blitz-September-05-2023"]
[Site "Chess.com"]
[Date "2023.09.05"]
[Round "2"]
[White "NelsonLinda"]
[Black "SilverCityIndigo"]
[Result "0-1"]
[WhiteElo "2474"]
[BlackElo "2301"]
[TimeControl "180+1"]
[EndTime "14:18:46 PDT"]
[Termination "SilverCityIndigo won on time"]

1. d4 Nf6 2. g3 d5 3. c4 e6 4.
Nf3 Bb4+ 5. Bd2 Be7 6. Bg2 dxc4 7. Qa4+ Bd7 8. Qxc4 Bc6 9. O-O O-O 10. Bg5 Nbd7 11. Rd1 a6 12. Qc1 h6 13. Bxf6 Nxf6 14. Nc3 Ne4 15. Ne5 Nxc3 16. Qxc3 Bxg2 17. Kxg2 Rc8 18. Rac1 Qd5+ 19. Kg1 c5 20. dxc5 Qe4 21. Nd7 Rfd8 22. Qd3 Qg4 23. f3 Qb4 24. Qb3 Bxc5+ 25. Nxc5 Rxd1+ 26. Qxd1 Rxc5 27. Qd8+ Kh7 28. Qd3+ g6 29. Rc2 Rxc2 30.
Qxc2 Qd4+ 31. Kg2 Qe3 32. Kf1 h5 33. h4 Kh6 34. Qc7 Qd2 35. Qxb7 Qd1+ 36. Kf2 Qd4+ 37. Kg2 a5 38. Qb5 a4 39. Qg5+ Kg7 40. Qb5 Qd2 41. a3 Kh6 42. Qg5+ Qxg5 43. hxg5+ Kxg5 44. Kf2 Kf5 45.
Ke3 g5 46. b4 axb3 47. Kd3 h4 48.
gxh4 gxh4 49. a4 h3 50. a5 h2 51. a6 h1=Q 52. a7 Qa1 53. a8=N Qxa8 54. Kc3 Qa4 55.
Kb2 Qa2+ 56. Kc1 b2+ 0-1

[Event "Late-Titled-Tuesday-Blitz-September-05-2023"]
[Site "Chess.com"]
[Date "2023.09.05"]
[Round "2"]
[White "canary2016"]
[Black "IngOscarArdila"]
[Result "1/2-1/2"]
[WhiteElo "2041"]
[BlackElo "2400"]
[TimeControl "180+1"]
[EndTime "14:18:47 PDT"]
[Termination "Game drawn by repetition"]

1. e4 e5 2. Nf3 Nf6 3. Nxe5 d6 4. Nf3 Nxe4 5. Nc3 Nxc3 6. dxc3 Be7 7. Be3 O-O 8. Qd2 Nd7 9. O-O-O Nf6 10. Bd3 c5 11. Kb1 b5 12. h4 Qa5 13. h5 Be6 14. a3 c4 15. Be2 d5 16. Nd4 Ne4 17. Qc1 Rfc8 18.
Bf3 Nxc3+ 19. bxc3 Bxa3 20. Qd2 Rab8 21. Nxe6 fxe6 22.
Bxd5 Qa6 23. Bxe6+ Qxe6 24. Qd5 Qxd5 25. Rxd5 b4 26.
cxb4 Rxb4+ 27. Ka2 Ra4 28. Rhd1 c3 29. Rd8+ Rxd8 30. Rxd8+ Kf7 31. Kb3 Ra6 32. Kxc3 Be7 33. Rd7 Rc6+ 34. Kd2 a6 35. Bg5 Rd6+ 36. Rxd6 Bxd6 37.
Kc3 Ke6 38. g4 g6 39. hxg6 hxg6 40. Bh4 Kd5 41. f3 Be5+ 42. Kd3 Bf4 43. Be1 Bd6 44. c4+ Kc5 45. Bf2+ Kc6 46. Kc3 Be5+ 47. Kb3 Bd6 48. Ka4 Bc7 49. Be3 Bd8 50. f4 Bc7 51. f5 gxf5 52.
gxf5 Bd8 53. Bd4 Bc7 54. f6 Kd7 55. Kb4 Ke6 56. Ka4 Kf7 57. c5 Ke6 58. c6 Kf7 59. Kb4 Ke6 60. Ka4 Kf7 61. Kb4 Ke6 62. Ka4 1/2-1/2

[Event "Late-Titled-Tuesday-Blitz-September-05-2023"]
[Site "Chess.com"]
[Date "2023.09.05"]
[Round "2"]
[White "picturesquecheck"]
[Black "MKlose11"]
[Result "1-0"]
[WhiteElo "2313"]
[BlackElo "2628"]
[TimeControl "180+1"]
[EndTime "14:18:48 PDT"]
[Termination "picturesquecheck won on time"]

1. e4 e6 2. d4 d5 3. Nd2 Be7 4. e5 c5 5. Qg4 g5 6. Qh5 cxd4 7. Ndf3 Nc6 8. Nh3 Qc7 9. Nhxg5 Nxe5 10. Bb5+ Bd7 11.
Bxd7+ Kxd7 12. O-O Nf6 13. Nxe5+ Qxe5 14. f4 Qf5 15.
Qe2 Ne4 16. Nf3 a6 17. Nxd4 Bc5 18. Be3 Bxd4 19. Bxd4 Rhg8 20. c4 Qg4 21. Qxg4 Rxg4 22.
cxd5 exd5 23. Rad1 f5 24. g3 Rgg8 25. Be5 Ke6 26. Rd3 Rac8 27. Rfd1 Rgd8 28. Rb3 b5 29. a4 Nc5 30. Re3 Ne4 31. axb5 axb5 32. Rb3 Rc5 33.
Bd4 Rc2 34. Rxb5 Rdc8 35. Rb6+ Kf7 36. Rb7+ Kg6 37. Ra1 Rc1+ 38. Rxc1 Rxc1+ 39. Kg2 Rc2+ 40. Kh3 Rd2 41. Ba7 h6 42. b4 d4 43. g4 Rd3+ 44. Kg2 fxg4 45. Rd7 Rd2+ 46. Kg1 d3 47. Be3 Rb2 48.
Rxd3 Rxb4 49. Rd4 Rxd4 50. Bxd4 Kf5 51. Be3 Nf6 52. Kg2 Nd5 53. Kf2 Nxf4 54. Kg3 Ne2+ 55.
Kh4 1-0

[Event "Late-Titled-Tuesday-Blitz-September-05-2023"]
[Site "Chess.com"]
[Date "2023.09.05"]
[Round "2"]
[White "Cayse"]
[Black "Quattroporte300"]
[Result "1-0"]
[WhiteElo "2872"]
[BlackElo "2398"]
[TimeControl "180+1"]
[EndTime "14:18:48 PDT"]
[Termination "Cayse won on time"]

1. e4 c5 2. Nf3 d6 3. Bb5+ Bd7 4.
Bxd7+ Qxd7 5. c4 Nf6 6. Nc3 Nc6 7. d4 cxd4 8. Nxd4 g6 9. f3 Bg7 10. Be3 O-O 11. O-O Rac8 12. b3 Rfd8 13. Rc1 e6 14. Qd2 Ne8 15. Rfd1 a6 16. Na4 Qc7 17. Nxc6 Qxc6 18.
Nb6 Rc7 19. a4 Nf6 20. b4 Nh5 21. b5 Qe8 22. g4 Nf6 23. e5 Nxg4 24. fxg4 Bxe5 25.
Bf4 Rc5 26. Be3 Rc7 27. g5 Qe7 28. Rf1 h6 29. gxh6 Qh4 30. Rf2 f5 31. Bg5 Qg4+ 32. Rg2 Qd4+ 33. Kh1 Re8 34. Be3 Qxd2 35. Rxd2 axb5 36.
axb5 f4 37. Bf2 g5 38. h3 Kh7 39. Rcd1 Kxh6 40. Kg2 Rf8 41. Rxd6 f3+ 42. Kg1 Bxd6 43. Rxd6 Rf6 44. Nd5 exd5 45. Rxf6+ Kg7 46. Rxf3 dxc4 47. Bd4+ Kg6 48. Kg2 Rd7 49. Bc3 Rd5 50. Rf6+ Kh5 51.
Rb6 Rd3 52. Ba5 c3 53. Rxb7 c2 54. Rc7 Ra3 55. Bd2 Ra2 56. Bc1 Ra1 57. Rxc2 Rb1 58. Bb2 1-0

[Event "Late-Titled-Tuesday-Blitz-September-05-2023"]
[Site "Chess.com"]
[Date "2023.09.05"]
[Round "2"]
[White "Pawnpusherschessaccademy"]
[Black "ameetghasi100"]
[Result "1/2-1/2"]
[WhiteElo "2436"]
[BlackElo "2679"]
[TimeControl "180+1"]
[EndTime "14:18:49 PDT"]
[Termination "Game drawn by repetition"]

1. e4 g6 2. d4 Bg7 3. Nc3 d6 4. Be3 a6 5. f4 b5 6. Nf3 Bb7 7. Bd3 Nd7 8. e5 Nb6 9. O-O Nh6 10. a4 b4 11. Ne4 Nd5 12. Bd2 O-O 13. Ng3 e6 14. a5 Qe7 15. Qe1 c5 16. c3 bxc3 17. bxc3 cxd4 18. cxd4 Rfc8 19. Rb1 Bc6 20. Ne4 dxe5 21.
fxe5 Bb5 22. Bxb5 axb5 23. Rxb5 Rc2 24. Nd6 Nf5 25. Rb7 Rc7 26. Bg5 Qd7 27. Rxc7 Qxc7 28. Nxf5 exf5 29. e6 Qxa5 30. exf7+ Kxf7 31. Qh4 Kg8 32. Bh6 Bf6 33. Bg5 Bh8 34. Re1 Qc3 35. h3 Ra1 36. Rxa1 Qxa1+ 37. Kh2 Qc3 38. Bh6 Bf6 39. Bg5 Bh8 40. Bh6 Qc7+ 41. Kg1 Bf6 42. Bg5 Bg7 43. Bh6 Bh8 44. Qe1 Qe7 45. Qa1 Nf6 46.
Qa8+ Qe8 47. Qa2+ Qf7 48. Qa8+ Ne8 49. d5 Bf6 50. d6 Qd7 51. Qd5+ Qf7 52. Qa8 Qd7 53.
Qd5+ Qf7 54. Qa8 1/2-1/2

[Event "Late-Titled-Tuesday-Blitz-September-05-2023"]
[Site "Chess.com"]
[Date "2023.09.05"]
[Round "2"]
[White "onnoelgersma"]
[Black "sergiochess83"]
[Result "0-1"]
[WhiteElo "2570"]
[BlackElo "2934"]
[TimeControl "180+1"]
[EndTime "14:18:50 PDT"]
[Termination "sergiochess83 won by resignation"]

1. e4 c5 2. Nf3 e6 3. g3 Nc6 4. Bg2 Nf6 5. Qe2 e5 6. O-O d6 7. Nc3 Be7 8. Nd5 O-O 9. c3 a5 10. a4 Nxd5 11. exd5 Nb8 12. d3 Nd7 13. Nd2 f5 14.
Nc4 Nb6 15. Nxb6 Qxb6 16. f4 Bf6 17. Kh1 Bd7 18. fxe5 Bxe5 19. Qf2 Rae8 20. Be3 Qa6 21. d4 cxd4 22. Bxd4 Bxd4 23. Qxd4 Re5 24. b4 b6 25.
bxa5 bxa5 26. Rae1 Rfe8 27. Rxe5 Rxe5 28. c4 Qc8 29.
Qb6 Qc5 30. Qxc5 dxc5 31. d6 Kf7 32. Bd5+ Kf6 33. Rb1 Re8 34. Rb7 Rd8 35. Ra7 Ke5 36. Rxa5 Kxd6 37. Ra7 Rb8 38. a5 Rb2 39. a6 Ra2 40.
Ra8 g5 41. a7 f4 42. gxf4 gxf4 43. Kg1 h5 44. h4 Kc7 45. Rf8 Rxa7 46. Rxf4 Ra2 47.
Rf6 Bg4 48. Rc6+ Kd7 49. Rxc5 Kd6 50. Rc6+ Ke5 51. Rg6 Kf4 52. Kf1 Kg3 53. Ke1 Re2+ 54. Kf1 Rd2 55. Re6 Bxe6 56. Bxe6 Kxh4 57. c5 Rc2 0-1

[Event "Late-Titled-Tuesday-Blitz-September-05-2023"]
[Site "Chess.com"]
[Date "2023.09.05"]
[Round "2"]
[White "nevermind242"]
[Black "Jaka_Brilej"]
[Result "1-0"]
[WhiteElo "2321"]
[BlackElo "2477"]
[TimeControl "180+1"]
[EndTime "14:18:50 PDT"]
[Termination "nevermind242 won by checkmate"]

1. Nf3 Nf6 2. g3 g6 3. b3 Bg7 4. Bb2 d6 5. d4 O-O 6. Bg2 Nc6 7.
d5 Nb8 8. O-O c5 9. c4 e6 10.
dxe6 fxe6 11. Ng5 h6 12. Nf3 Nc6 13. Qc2 g5 14. a3 d5 15. cxd5 exd5 16. Nbd2 b6 17.
Ne5 Nxe5 18. Bxe5 Bb7 19. Rad1 Qe7 20. Qb2 d4 21. Bxb7 Qxb7 22. Bxf6 Rxf6 23. f3 Raf8 24. Ne4 Re6 25. Qc2 g4 26. Qc4 Qe7 27. fxg4 Rxf1+ 28. Rxf1 Kh8 29. Nf2 Rxe2 30. Qd5 Re1 31. Qf5 Rxf1+ 32. Kxf1 d3 33. Nxd3 Qf6 34. Qxf6 Bxf6 35. a4 a6 36. Nf4 b5 37. axb5 axb5 38. Ke2 c4 39.
bxc4 bxc4 40. Nd5 Bd4 41. Ne7 Kh7 42. Nf5 Bc5 43. Kd2 Bb4+ 44. Ke3 Kg6 45. Kd4 c3 46. Kd3 Ba5 47. h4 h5 48. Ne7+ Kf6 49. Nd5+ Ke5 50. Nxc3 hxg4 51. Ne4 Be1 52. Ke3 Kf5 53. h5 Ke6 54.
Kf4 Kf7 55. Kxg4 Kg7 56. Kf5 Kh6 57. g4 Bh4 58. Nf6 Kg7 59. g5 Kh8 60. g6 Kg7 61. Ng4 Be7 62. h6+ Kg8 63. Nf6+ Kh8 64. g7# 1-0

[Event "Late-Titled-Tuesday-Blitz-September-05-2023"]
[Site "Chess.com"]
[Date "2023.09.05"]
[Round "2"]
[White "in_shambles"]
[Black "Schattman"]
[Result "1/2-1/2"]
[WhiteElo "2115"]
[BlackElo "2408"]
[TimeControl "180+1"]
[EndTime "14:18:51 PDT"]
[Termination "Game drawn by repetition"]

1. d4 Nf6 2. c4 g6 3. Nc3 d5 4. cxd5 Nxd5 5. e4 Nxc3 6. bxc3 Bg7 7. Bc4 c5 8. Ne2 Nc6 9. Be3 O-O 10. O-O b6 11. Rc1 Bb7 12. Qd2 Qc7 13. Bf4 e5 14. Bg3 Rad8 15. Bd5 Na5 16. Bxb7 Nxb7 17. Rfd1 Qd7 18.
d5 Nd6 19. Qd3 f5 20. f3 Bh6 21. Rb1 c4 22. Qc2 Be3+ 23. Kh1 Qe7 24. Ng1 f4 25. Bf2 Bxf2 26. Qxf2 g5 27. a4 Rf7 28. Rb4 h5 29.
Ra1 g4 30. fxg4 hxg4 31. Ne2 Nxe4 32. Qe1 Qg5 33. Rxc4 Nd6 34. Rb4 e4 35. Nd4 Qxd5 36. Qh4 Rdf8 37. Qxg4+ Rg7 38. Qe2 f3 39. gxf3 exf3 40.
Qe6+ Qxe6 41. Nxe6 f2 42. Nxf8 Kxf8 43. Rf4+ Rf7 44.
Rxf7+ Kxf7 45. Rf1 Ke6 46. Rxf2 Ne4 47. Re2 Kd5 48. Kg2 Nxc3 49. Re7 Nxa4 50. Rxa7 Nc5 51. h4 Ne6 52. h5 Nf4+ 53. Kg3 Nxh5+ 54. Kg4 Nf6+ 55.
Kf5 Ne4 56. Rd7+ Nd6+ 57. Kf6 Kc6 58. Rd8 Nc4 59. Ke7 b5 60. Rc8+ Kd5 61. Rd8+ Kc5 62. Rc8+ Kd5 63. Rd8+ Kc5 64. Rc8+ Kd5 1/2-1/2

[Event "Late-Titled-Tuesday-Blitz-September-05-2023"]
[Site "Chess.com"]
[Date "2023.09.05"]
[Round "2"]
[White "BillieKimbah"]
[Black "IMRosen"]
[Result "1-0"]
[WhiteElo "3044"]
[BlackElo "2601"]
[TimeControl "180+1"]
[EndTime "14:18:52 PDT"]
[Termination "BillieKimbah won on time"]

1. d4 e6 2. Nf3 Ne7 3. e4 d6 4.
Bd3 Nd7 5. h4 Ng6 6. h5 Ne7 7.
c4 Nb6 8. Nc3 Bd7 9. h6 Ng6 10.
Bg5 f6 11. Be3 e5 12. hxg7 Bxg7 13. d5 Bg4 14. Be2 Nd7 15. Nh4 Nxh4 16. Bxg4 Nxg2+ 17. Kd2 Nxe3 18. fxe3 Qe7 19. Qa4 a6 20. b4 O-O-O 21. b5 Kb8 22. bxa6 Nc5 23. Qa5 b6 24. Rab1 Ka7 25.
Qb5 Qe8 26. Bf5 h5 27. a4 Bh6 28. a5 Qxb5 29. Nxb5+ Kxa6 30. Nxc7+ Kb7 31. Ne6 Rb8 32. Rxb6+ Ka7 33. Nxc5 dxc5 34. Rhb1 Rxb6 35. Rxb6 Bg5 36. d6 Rd8 37. d7 Bh6 38. Rxf6 Bf8 39. Ke2 h4 40. Kf3 Be7 41. Rf7 Bg5 42. Rg7 Bf6 43. Rg6 Be7 44. Kg4 Kb7 45. Kh3 Kc7 46. a6 Bd6 47. a7 Ra8 48. Rg7 Bf8 49. Rf7 Bd6 50.
d8=Q+ Kxd8 51. Rd7+ Ke8 52. Rxd6 Rxa7 53. Rd5 Ke7 54.
Rxe5+ Kf6 55. Rxc5 Kg5 56. Bg4+ Kf6 57. Kxh4 Ra3 58.
e5+ Kg7 59. Rc7+ Kh6 60. Rc6+ Kg7 61. Kg5 Rxe3 62. Rc7+ Kf8 63. Kf6 1-0

[Event "Late-Titled-Tuesday-Blitz-September-05-2023"]
[Site "Chess.com"]
[Date "2023.09.05"]
[Round "2"]
[White "Bobbybunny"]
[Black "Colombiano07"]
[Result "1/2-1/2"]
[WhiteElo "2201"]
[BlackElo "2438"]
[TimeControl "180+1"]
[EndTime "14:18:52 PDT"]
[Termination "Game drawn by stalemate"]

1. e4 c6 2. d4 d5 3. exd5 cxd5 4. Bd3 Nc6 5. c3 Nf6 6. h3 g6 7. Nf3 Bg7 8. O-O O-O 9. Re1 Bf5 10. Bf1 Ne4 11.
Be3 Qb6 12. Qb3 Qxb3 13. axb3 a6 14. b4 Rad8 15. Nbd2 e5 16. Nb3 Rfe8 17. b5 axb5 18. Bxb5 exd4 19. Nfxd4 Bd7 20. Bd3 Ne5 21. Bf1 Nc4 22.
Bf4 Nxb2 23. Ra7 Bc6 24. Nxc6 bxc6 25. Nd4 Nxc3 26. Rxe8+ Rxe8 27. Nxc6 h5 28. g4 hxg4 29.
hxg4 d4 30. Kg2 Nd5 31. Bd2 Rc8 32. Ne7+ Nxe7 33. Rxe7 Nc4 34. Bf4 Bf6 35. Rd7 Nb6 36. Rd6 g5 37. Rxf6 Nd5 38. Rf5 Nxf4+ 39. Kf3 Ng6 40.
Rxg5 Rd8 41. Bd3 Kg7 42. Bxg6 fxg6 43. Ke2 Kf6 44. Rc5 Rd6 45. Kd3 g5 46. f3 Kg6 47.
Rf5 Rd7 48. Re5 Rf7 49. Ke4 Rf4+ 50. Kd3 Rxf3+ 51. Kxd4 Rf4+ 52. Re4 Kf6 53. Rxf4+ gxf4 54. Ke4 Kg5 55. Kf3 Kg6 56. Kxf4 Kf6 57. g5+ Kg6 58. Kg4 Kg7 59. Kf5 Kf7 60. g6+ Kg7 61. Kg5 Kg8 62.
Kf6 Kf8 63. g7+ Kg8 64. Kg6 1/2-1/2